woodfighter, chaotic female elven Rogue ------ --------- |.....####|.......| ------- ----------- |....| #.........# #......| ##...........########## |.....####|.......|# #|...<.| # |.........| # ----- |....| #|.......|# #|.....| ### |.........| ##...)| ---.-- ---------# #-+----- # |.........| # |*...# # # ###### ### ----------- ###...`|# ### # # #########d############# --|--# # # # #### ##u # # ################# ######%#####f@###%``####### # #---.-## ## # --|--- #### # #|.`..#` ---.--# |....---## # #|...|# |...>|# |.......################# #.....# |....|# |......| #--.---- ----- |.....# |......| #|.....| ------ |....--- #......| ------ |.....| ------- woodfighter the Cutpurse Experience level: 4 Strength: 17 Dexterity: 16 Constitution: 10 Intelligence: 12 Wisdom: 11 Charisma: 9 Health: 0(17) Energy: 18(18) Def: 3 Gold: 0 Moves: 1767 Dungeon seed: ScHZAri3KXtoaOpz Game ID: woodfighter_1511182241 Your Inventory: Amulets z - a cursed amulet of strangulation Weapons a - a burnt +0 elven short sword (weapon in hand) b - 10 +0 elven daggers (in quiver) Armor e - an uncursed +1 leather armor (being worn) n - a blessed +0 orcish helm Comestibles j - an uncursed food ration Wands h - a wand of opening (0:3) Tools g - an uncursed blindfold s - an uncursed sack y - an uncursed lock pick Contents of the sack: 768 gold pieces a [blessed] scroll of earth 2 [uncursed] scrolls of identify a [blessed] scroll of light 2 [uncursed] scrolls of scare monster 2 [uncursed] scrolls of scare monster a [cursed] potion of healing 2 [uncursed] potions of paralysis an uncursed potion of sickness a [cursed] [-2] ring of increase damage Spells and supernatural/magical abilities: Name Level Category Fail Memory W - pray for help -- divine ? -- Your skills at the end: Miscellaneous Skills wands [Basic] Weapon Skills dagger [Basic] short sword [Basic] Spellcasting Skills Final Attributes: You were piously aligned. You were sleep resistant. You were telepathic. You had infravision. You were very stealthy. You are dead. Vanquished creatures: a fog cloud 2 floating eyes a kitten an iguana 3 giant bats a hobbit an acid blob a gecko a hobgoblin a giant rat a yellow mold 8 jackals 6 newts 5 grid bugs 6 lichens 2 kobold zombies 41 creatures vanquished. Voluntary challenges: You did not adorn yourself with jewelry or accessories. You did not cause conflict. You were not invisible. You did not have reflection. You were not displaced. You were an atheist. You used a wielded weapon 40 times, starting on turn 4. You did not apply a unicorn horn. You did not use plumbed fixtures. You did not drink any magical draughts. You were illiterate. You never genocided any monsters. You never polymorphed an object. You never changed form. You used no wishes. You never split a pudding. You never wrote Elbereth's name. You never violated your personal moral code. Dungeon overview: The Dungeons of Doom: levels 1 to 6 Level 1 a fountain a long staircase Level 2 a scroll shop Level 3 a fountain Level 4 a fountain stairs to The Gnomish Mines Level 5 <- You were here Level 6 The Gnomish Mines: Level 5 stairs to The Dungeons of Doom History has recorded: On T:1 you entered the Dungeons of Doom to retrieve the Amulet of Yendor! On T:32 you reached level 2 of The Dungeons of Doom. On T:561 you reached level 3 of The Dungeons of Doom. On T:606 you advanced to experience level 2. On T:935 you reached level 4 of The Dungeons of Doom. On T:1161 you reached level 5 of The Dungeons of Doom. On T:1164 you advanced to experience level 3. On T:1352 you reached level 1 of The Gnomish Mines. On T:1396 you advanced to experience level 4. On T:1543 you reached level 6 of The Dungeons of Doom. Score breakdown: Gold: 768 ( 76 points) Experience: 4 levels ( 300 points) Exploration: 6 levels ( 150 points) Discoveries: 9 items ( 450 points) Variety of kills: 16 monsters ( 800 points) Major goal: (nothing yet) ( 0 points) Survival: died (score multiplied by 3) Total score: 5328 Latest messages: b - 4 +0 elven daggers (in quiver). You see here a floating eye corpse. This floating eye corpse tastes terrible! You finish eating the floating eye corpse. You displace kitty. With great effort you move the boulder. You try to move the boulder, but in vain. (3x) You displace kitty. You stop exploring. The giant bat bites! You stab the giant bat. The giant bat bites! The giant bat misses. You stab the giant bat. The giant bat bites! (2x) You kill the giant bat! b - a +0 elven dagger (in quiver). You see here a jackal corpse. You stop. Kitty is in the way! You hear some noises. (2x) The jackal is killed! (2x) Kitty eats a jackal corpse. The pony kicks! The pony bites! The pony kicks! You die... Final status: Goodbye woodfighter the Rogue, killed by a pony... You died in The Dungeons of Doom on dungeon level 5 with 5328 points, and 768 pieces of gold, after 1767 moves. You were level 4 with a maximum of 17 hit points when you died.